 Dungeon Crawl Stone Soup version 0.29-a0-700-g2f1814c7b2 (webtiles) character file.

Game seed: 13689653628323390046

63 runemasterragnar the Chopper (level 4, -1/36 HPs)
             Began as a Meteoran Wanderer on June 25, 2022.
             Killed from afar by Ijyb (9 damage)
             ... with a puff of flame
             ... on level 3 of the Dungeon.
             The game lasted 00:01:30 (168 turns).

runemasterragnar the Chopper (Meteoran Wanderer)     Turns: 168, Time: 00:01:31

Health: -1/36      AC:  3    Str: 17    XL:     4   Next: 56%
Magic:  8/8        EV: 11    Int: 14    God:
Gold:   11         SH:  0    Dex: 17    Spells: 6/7 levels left

rFire   . . .      SeeInvis .   a - +2 hand axe
rCold   . . .      Faith    .   (no shield)
rNeg    . . .      Spirit   .   d - +0 robe
rPois   .          Reflect  .   (no helmet)
rElec   .          Harm     .   (no cloak)
rCorr   .          Rampage  .   c - +0 pair of gloves
Will    .....                   (no boots)
Stlth   +.........              (no amulet)
HPRegen 0.12/turn               f - +6 ring of dexterity
MPRegen 0.11/turn               (no ring)

@: glowing
A: sense surroundings 1, otherworldly, glowing, explore regen
a: no special abilities


You were on level 3 of the Dungeon.
You visited 1 branch of the dungeon, and saw 3 of its levels.

You collected 11 gold pieces.

Inventory:

Hand Weapons
 a - a +2 hand axe (weapon)
Armour
 c - a +0 pair of gloves (worn)
 d - a +0 robe (worn)
Jewellery
 f - a +6 ring of dexterity (left hand)
Potions
 e - a potion of degeneration {unknown}
Miscellaneous
 b - a piece from Xom's chessboard (11/15)


   Skills:
 + Level 1.8 Fighting
 + Level 5.2 Axes
 + Level 1.5 Stealth
 + Level 2.1 Spellcasting
 + Level 2.2 Translocations
 + Level 3.0 Evocations


You had 6 spell levels left.
You knew the following spells:

 Your Spells              Type           Power      Damage    Failure   Level
a - Apportation           Tloc           14%        N/A       10%         1

Your spell library contained the following spells:

 Spells                   Type           Power      Damage    Failure   Level
 Lesser Beckoning         Tloc           7%         N/A       28%         3


Dungeon Overview and Level Annotations

Branches:
Dungeon (3/15) Zot: 1630

Altars:

Annotations:
D:3 Grinder, Ijyb


Innate Abilities, Weirdness & Mutations

You passively map a small area around you.
You are easily found by Zot.
You glow in the dark.
You regain HP and MP as you explore.


Message History

Grinder says, "I used to sell toenails on the black market."
The helpless Ijyb fails to defend herself.
You hit Ijyb.
Ijyb is severely wounded.
You hit Grinder.
Grinder blinks!
You make a move on Xom's chessboard...
Grinder is moving more slowly.
Grinder hits you.
* * * LOW HITPOINT WARNING * * *
Grinder gestures at you.
You suddenly lose the ability to move!
You can move again.
Unknown command.
The helpless Ijyb fails to defend herself.
You hit Ijyb but do no damage.
Ijyb is severely wounded.
You hit Grinder but do no damage.
Grinder stops moving altogether!
Unknown command.
The helpless Ijyb fails to defend herself.
You slash Ijyb!
Ijyb is almost dead.
The helpless Grinder fails to defend herself.
You hit Grinder.
Unknown command.
The helpless Ijyb fails to defend herself.
You hit Ijyb but do no damage.
Ijyb is almost dead.
The helpless Grinder fails to defend herself.
You slash Grinder!
Ijyb is no longer petrified.
Ijyb screams, "Die!"
Ijyb hits you but does no damage.
You hit Ijyb.
Ijyb is almost dead.
The helpless Grinder fails to defend herself.
You hit Grinder. Ijyb barely misses you.
Unknown command.
You closely miss Ijyb.
Ijyb is almost dead.
The helpless Grinder fails to defend herself.
You slash Grinder!
Ijyb zaps a wand.
The puff of flame hits you!
You die...

#........# #.#
##..>## #.###..###⌠
*##### * ##'## #.#
##.#*, , #§ #.#
#.####.#_ ,.. , *
#.# #......# ,
,##.* ##.###
#######.#* ⌠ ≈. *
##..... #.......#
*#.###* ####.....#
...######
#.#5######.###.....
.#.#
#.@g.....†..###.#..
...#
##########.........
#### ##########


You could see Grinder (petrified) and Ijyb.

Vanquished Creatures
  A scorpion (D:3)
  A dart slug (D:3)
  A quokka (D:3)
  A goblin (D:3)
  A rat (D:3)
5 creatures vanquished.

Notes
Turn   | Place    | Note
-------+----------+-------------------------------------------
     0 | D:1      | runemasterragnar the Meteoran Wanderer began the quest for
                  | the Orb.
     0 | D:1      | runemasterragnar set off with the following items: a +2
                  | hand axe, a piece from Xom's chessboard (15/15), a potion
                  | of heal wounds, a +0 robe; and the following spell
                  | memorised: Apportation; and the following spells available
                  | to memorise: Lesser Beckoning.
     0 | D:1      | Reached XP level 1. HP: 16/16 MP: 3/3
    19 | D:3      | Noticed a scorpion
    32 | D:3      | Killed a scorpion
    33 | D:3      | Reached skill level 5 in Axes
    33 | D:3      | Reached XP level 2. HP: 17/24 MP: 4/6
    33 | D:3      | Reached XP level 3. HP: 21/29 MP: 4/7
    33 | D:3      | Reached XP level 4. HP: 26/36 MP: 4/8
   131 | D:3      | Noticed Ijyb
   155 | D:3      | Noticed Grinder
   160 | D:3      | Paralysed by Grinder for 3 turns
   168 | D:3      | Killed from afar by Ijyb

Illustrated notes

Levels and vault maps discovered:
D:1:      lightli_arrival_maybe_door_vault, layout_loops_cross,
          columned_hall_lemuel
D:2:      layout_loops_cross, uniq_natasha, uniq_jessica
D:3:      layout_loops_corners, amethyst_overflow_temple_binary,
          kennysheep_cross_bottleneck, uniq_ijyb, uniq_grinder

Skill      XL: |  1 |
---------------+----+-----
Axes           | 5 |  5.2
Spellcasting   | 2 |  2.1
Translocations | 2 |  2.2
Evocations     | 3 |  3.0
Fighting       | |  1.8
Stealth        | |  1.5

Action                   |  1- 3 |  4- 6 || total
-------------------------+-------+-------++-------
Melee: Hand axe          |     8 |    30 ||    38
       Punch             |       |     1 ||     1
Evoke: Piece from Xom's  |     3 |     4 ||     7
  Use: Potion            |     1 |       ||     1
 Stab: Petrified         |       |    16 ||    16
       Sleeping          |       |     1 ||     1
Armor: Robe              |     2 |     3 ||     5
Dodge: Dodged            |     1 |     4 ||     5

Table legend: (Time is in decaauts)
 A = Elapsed time spent in this place.
 B = Non-inter-level travel time spent in this place.
 C = Inter-level travel time spent in this place.
 D = Time resting spent in this place.
 E = Time spent auto-exploring this place.
 F = Levels seen in this place.
 G = Mean time per level.
                   A        B        C        D        E       F      G
               +--------+--------+--------+--------+--------+-----+--------+
         Total |    168 |    130 |     38 |      0 |      2 |   3 |   56.0 |
       Dungeon |    168 |    130 |     38 |      0 |      2 |   3 |   56.0 |
               +--------+--------+--------+--------+--------+-----+--------+

Top non-repeatable levels by time:
     D:3: 158 daAuts
     D:1: 7 daAuts
     D:2: 2 daAuts
